[Event "Turkey IS Bank Super League 2017"]
[Site "Darica-Kocaeli"]
[Date "2017.08.06"]
[Round "13"]
[White "Kargaci, Humeyra"]
[Black "Ozbay, Ece"]
[Result "0-1"]
[ECO "D10"]
[WhiteElo "1737"]
[BlackElo "1970"]
[Annotator "NA"]
[PlyCount "150"]
[EventType "team-tourn"]
[EventCountry "TUR"]
[SourceTitle "playchess.com"]
[Source "ChessBase"]
[SourceQuality "1"]
[TimeControl "40/5400+30:1800+30"]

1. c4 c6 2. Nc3 Nf6 3. g3 d5 4. cxd5 cxd5 5. d4 Bf5 {[%emt 0:01:30] D10: Slav Defence: 3 cxd5 (without early Nf3) and 3 Nc3} (5... Nc6 6. Bg2 Bf5 7. Nf3 e6 8. O-O Bd6 9. Bf4 O-O 10. Rc1 h6 11. Ne5 Bxe5 12. Bxe5 Ng4 13. Bf4 Qb6 14. e4 dxe4 15. d5 Rad8 16. Na4 Qa5 {0-1 (55) Kiewra,K (2361)-Harikrishna,P (2684) Benasque 2012}) 6. Bg2 e6 7. Qb3 Qb6 8. Qxb6 axb6 9. Nf3 Nc6 10. Bf4 Bb4 11. O-O Bxc3 12. bxc3 Ra3 $146 ({Predecessor:} 12... Be4) 13. Rfc1 Ke7 14. c4 Rha8 15. cxd5 exd5 16. Ne5 Rxa2 17. Rxa2 Rxa2 18. Nxc6+ bxc6 19. Rxc6 Rxe2 20. Bf3 Re1+ 21. Kg2 Bd3 22. h4 Ne4 23. Bxe4 dxe4 24. Rxb6 Be2 25. Rb3 Rd1 26. Re3 Bf3+ 27. Rxf3 exf3+ 28. Kxf3 Rxd4 29. Be5 Rd3+ 30. Ke4 Rd2 31. Ke3 Ra2 32. Bxg7 Ke6 33. Kf3 Ra3+ 34. Kg2 h5 35. Bd4 Kf5 36. Be3 Ke4 37. Bc5 Rf3 38. Bb6 Rf6 39. Be3 Kd3 40. Bc5 Rf5 41. Be3 Ke2 42. Bb6 Kd3 43. Be3 Rf6 44. Bc5 {[%emt 0:00:30] [#]} Ke2 $1 45. Be3 Ra6 46. Bc5 $2 (46. g4 $1 $11 {and White is okay.}) 46... f6 (46... Rc6 $19 47. Be3 Rd6) 47. Bd4 (47. g4 $1 $11 {was the only way to keep the balance.}) 47... Rd6 48. Bc5 Rd1 $2 (48... Rc6 $19 49. Bd4 f5) 49. Be3 {[%emt 0:00:30] [#]} (49. g4 $1 $15) 49... f5 $1 50. Bc5 Ra1 51. Bd6 Ra4 52. Bf4 Re4 53. Bd6 Rg4 54. Bc7 Rc4 55. Bd6 Rc3 56. Be5 Rc2 57. Bf4 Rb2 58. Be5 Rb3 59. Bc7 Rf3 60. Bb6 f4 61. Bc5 Rc3 62. Bd4 f3+ 63. Kh2 Rc2 64. Be3 Rc4 65. Kh3 Rb4 66. Kh2 Rb1 $19 67. g4 Rb4 68. g5 Rxh4+ 69. Kg1 Kd1 70. g6 Rg4+ 71. Kh2 Rxg6 72. Kh3 Rg4 73. Bc5 Ke2 74. Be3 Rg2 75. Kh4 Rxf2 0-1

[Event "Turkey IS Bank Super League 2017"]
[Site "Darica-Kocaeli"]
[Date "2017.08.07"]
[Round "13"]
[White "Aluc, Bulut Evrim"]
[Black "Yurdakul, Didem Nuray"]
[Result "1-0"]
[ECO "A06"]
[WhiteElo "1699"]
[BlackElo "1697"]
[Annotator "NA RC"]
[PlyCount "93"]
[EventType "team-tourn"]
[EventCountry "TUR"]
[SourceTitle "playchess.com"]
[Source "ChessBase"]
[SourceQuality "1"]
[TimeControl "40/5400+30:1800+30"]

1. d4 d5 2. Nf3 Nf6 3. e3 Bg4 4. Be2 e6 5. b3 c5 6. Bb2 Nc6 7. O-O Bd6 8. Nbd2 O-O 9. c4 Rc8 10. cxd5 exd5 11. dxc5 Bxc5 12. a3 a5 13. Re1 Qd6 14. Bd3 Rfe8 15. Qb1 h6 16. h3 Bxf3 17. Nxf3 Ne4 18. Nd4 Qd7 19. f3 Bxd4 20. exd4 Nf6 21. Bc3 Rc7 22. b4 b6 23. b5 Ne7 24. Bd2 Rec8 25. Ra2 Ne8 26. a4 Nd6 27. Bf4 Rc3 28. Rae2 Nef5 29. Bxd6 Nxd6 30. Re7 Qxe7 31. Rxe7 Rc1+ 32. Qxc1 Rxc1+ 33. Kf2 g6 34. Rd7 Nc4 35. Rxd5 Nb2 36. Be4 Nxa4 37. Rd8+ Kg7 38. Rb8 Rc4 39. Ke3 Rc7 40. Bc6 Re7+ 41. Kd3 Kf6 42. d5 Re1 43. Kd2 Rg1 44. d6 Rxg2+ 45. Ke3 Nb2 46. d7 Nc4+ 47. Ke4 1-0